 Dungeon Crawl Stone Soup version 0.21.1-1-g345015f (webtiles) character file.

312 nicolaieve the Conjurer (level 6, 0/34 HPs)
             Began as a Deep Elf Conjurer on June 7, 2018.
             Slain by an ogre
             ... wielding a cursed -1 giant spiked club
              (20 damage)
             ... on level 4 of the Dungeon.
             The game lasted 00:32:56 (3463 turns).

nicolaieve the Conjurer (Deep Elf Conjurer)         Turns: 3463, Time: 00:32:57

Health: 0/34       AC:  4    Str:  6    XL:     6   Next: 18%
Magic:  11/16      EV: 13    Int: 21    God:
Gold:   173        SH:  4    Dex: 15    Spells: 10/15 levels left

rFire    . . .     SeeInvis .   h - +2 dagger (venom)
rCold    . . .     Gourm    .   r - +0 buckler (curse)
rNeg     . . .     Faith    .   a - +1 robe
rPois    .         Spirit   .   (no helmet)
rElec    .         Reflect  .   i - +0 cloak
rCorr    .         Harm     .   (no gloves)
MR       .....                  (no boots)
Stlth    ++........             (no amulet)
HPRegen  0.11/turn              (no ring)
MPRegen  0.15/turn              (no ring)

@: no status effects
A: no striking features
a: no special abilities


You were on level 4 of the Dungeon.
You were not hungry.

You visited 1 branch of the dungeon, and saw 5 of its levels.

You collected 173 gold pieces.

Inventory:

Hand Weapons
 h - a +2 dagger of venom (weapon)
 w - a +0 short sword of protection
Missiles
 d - 91 stones (quivered)
 n - 33 arrows
 v - 2 needles of frenzy
Armour
 a - a +1 robe (worn)
 e - a +0 robe
 i - a +0 cloak (worn)
 r - a cursed +0 buckler (worn)
Jewellery
 k - an uncursed ring of resist corrosion {unknown}
 l - a cursed ring of teleportation {unknown}
 q - an uncursed amulet of guardian spirit
 t - a +4 ring of slaying {unknown}
Wands
 g - a wand of enslavement (9)
Potions
 f - a potion of degeneration {unknown}
 j - 3 potions of curing {unknown}
 m - a potion of brilliance {unknown}
 o - a potion of flight {unknown}
 p - a potion of haste {unknown}
 u - a potion of might {unknown}
Books
 b - a book of Conjurations

   Spells                             Type                      Level
   a - Magic Dart                     Conjuration                  1
   b - Searing Ray                    Conjuration                  2
   c - Dazzling Spray                 Conjuration/Hexes            3
   d - Fulminant Prism                Conjuration/Hexes            4
   e - Force Lance                    Conjuration/Translocation    4
   f - Iskenderun's Mystic Blast      Conjuration                  4
 x - a book of Minor Magic

   Spells                             Type                      Level
   a - Magic Dart                     Conjuration                  1
   b - Blink                          Translocation                2
   c - Call Imp                       Summoning                    2
   d - Slow                           Hexes                        2
   e - Conjure Flame                  Conjuration/Fire             3
   f - Mephitic Cloud                 Conjuration/Poison/Air       3
Comestibles
 c - 6 rations


   Skills:
 * Level 1.2 Fighting
 - Level 2.0 Short Blades
 * Level 3.2 Dodging
 - Level 2.4 Stealth
 * Level 0.8 Shields
 * Level 5.4 Spellcasting
 - Level 5.6 Conjurations
 * Level 1.0 Translocations


You had 10 spell levels left.
You knew the following spells:

 Your Spells              Type           Power        Failure   Level  Hunger
a - Magic Dart            Conj           ####         1%          1    None
b - Searing Ray           Conj           ####..       2%          2    None
c - Blink                 Tloc           N/A          16%         2    None


Dungeon Overview and Level Annotations

Branches:
Dungeon (5/15)
 Temple: D:4-7

Altars:
Nemelex Xobeh

Annotations:
D:4 johnjohn's ghost, amateur MiFi
D:5 Alter's ghost, novice DECj; Grinder


Message History

Confirm with . or Enter, or press ? or * to list all spells.
Aiming: Searing Ray
Press: ? - help, Shift-Dir - straight line, f - centaur skeleton
Aim: a centaur skeleton The searing ray hits the orc.
The orc is moderately wounded. (Press . to maintain the ray.)
The jackal bites you but does no damage.
You block the hound's attack. The orc hits you but does no damage.
The jackal bites you but does no damage.
The searing ray hits the orc.
You kill the orc!
You kill the jackal!
The hound barely misses you. The ogre barely misses you.
The hound completely misses you.
The searing ray hits the ogre.
The ogre is heavily wounded.
The hound bites you. The ogre closely misses you.
The ogre hits you with a giant spiked club!!
Ouch! That really hurt!
You die...

## #. #.
#### #.
##..## #<
##.§$.## #.
#§§##.[# ##
#§§@OZ≈# #
#§§Oh.≈# #
#8...§##..#
.. ## #
#%.##....##
..(#.### ##
##..##
...a....
#### #....
#. #. ##


You could see 2 ogres, a hound and a centaur skeleton.

Vanquished Creatures
  An ogre (D:4)
  An orc priest (D:5)
  A jelly (D:5)
  An orc wizard (D:4)
  6 adders
  An ooze (D:3)
  A dart slug (D:5)
  12 orcs
  A ball python (D:1)
  6 giant cockroaches
  7 goblins
  5 hobgoblins
  5 jackals
  A quokka (D:3)
  5 bats (D:1)
  10 frilled lizards
  A jackal zombie (D:5)
  10 kobolds
  2 rats
77 creatures vanquished.

Notes
Turn   | Place    | Note
-------+----------+-------------------------------------------
     0 | D:1      | nicolaieve the Deep Elf Conjurer began the quest for the Orb.
     0 | D:1      | Reached XP level 1. HP: 10/10 MP: 6/6
   151 | D:1      | Reached XP level 2. HP: 15/15 MP: 4/8
   218 | D:1      | Reached skill level 5 in Conjurations
   318 | D:1      | Found a sparkling altar of Nemelex Xobeh.
   975 | D:2      | Reached XP level 3. HP: 19/19 MP: 5/9
  1256 | D:2      | Learned a level 2 spell: Searing Ray
  1471 | D:2      | Reached XP level 4. HP: 20/24 MP: 9/11
  1630 | D:3      | Reached skill level 1 in Short Blades
  2678 | D:4      | Learned a level 2 spell: Blink
  2697 | D:4      | Noticed johnjohn's ghost (amateur MiFi)
  2801 | D:4      | Reached XP level 5. HP: 28/28 MP: 10/13
  2803 | D:4      | Noticed an ogre
  2812 | D:4      | Killed an ogre
  2812 | D:4      | Reached skill level 1 in Fighting
  2865 | D:5      | Entered Level 5 of the Dungeon
  2932 | D:5      | Reached skill level 5 in Spellcasting
  3062 | D:5      | Noticed Alter's ghost (novice DECj)
  3063 | D:5      | Noticed Grinder
  3288 | D:5      | Reached XP level 6. HP: 32/34 MP: 9/15
  3459 | D:4      | Reached skill level 1 in Translocations
  3463 | D:4      | Slain by an ogre

Skill      XL: |  1  2  3  4  5  6 |
---------------+-------------------+-----
Conjurations   | 5 |  5.6
Short Blades   | 1 2 |  2.0
Spellcasting   | 4 5 |  5.4
Fighting       | 1 |  1.2
Dodging        | 3 |  3.2
Translocations | 1 |  1.0
Stealth        | |  2.4
Shields        | |  0.8

Action                   |  1- 3 |  4- 6 || total
-------------------------+-------+-------++-------
Melee: Dagger            |    15 |    38 ||    53
       Short sword       |       |    18 ||    18
 Cast: Magic Dart        |    55 |    59 ||   114
       Blink             |       |     3 ||     3
       Searing Ray       |       |     3 ||     3
  Use: Scroll            |     3 |     6 ||     9
 Stab: Sleeping          |     1 |       ||     1
  Eat: Chunk             |     2 |     3 ||     5
       Ration            |       |     1 ||     1
Armor: Robe              |     1 |    14 ||    15
Dodge: Dodged            |    14 |    42 ||    56
Block: Buckler           |       |     5 ||     5
